Description

Fixed Supply Error, now you can use that BO for selection.

Build Order

Get SALT Encoding   

  14  0:18  Pylon (Chrono Boost)  Chrono Nexus after pylon is completed
  16  0:37  Gateway  
  17  0:46  Assimilator  
  20  1:25  Nexus  
  20  1:34  Cybernetics Core  
  21  1:44  Assimilator  
  22  1:54  Pylon  
  23  2:13  Stalker (Chrono Boost)  
  26  2:14  Warp Gate  
  27  2:33  Stalker  
  33  2:48  Twilight Council  
  36  3:04  Stalker  
  41  3:18  Pylon  
  42  3:26  Blink (Chrono Boost)  
  44  3:36  Robotics Facility  
  46  3:48  Gateway x2  
  47  3:55  Assimilator x2  
  50  4:14  Pylon x2  near enemy base
  52  4:23  Stalker  
  54  4:27  Observer (Chrono Boost)  
  55  4:30  Robotics Facility  2Base Probe Saturation, Pause Probe Production
  55  4:31  Forge  
  55  4:40  Gateway x2  
  56  4:45  Observer  
  58  4:49  Stalker x2  
  62  5:03  Observer  Shield Battery(natural) (optional)
  63  5:12  Protoss Ground Weapons Level 1 (Chrono Boost)  
  63  5:15  Charge (Chrono Boost)  
  63  5:19  Colossus (Chrono Boost)  
  63  5:20  Extended Thermal Lance (Chrono Boost)  
  69  5:50  Colossus (Chrono Boost)  
  75  5:55  Zealot  Warp-in as many as you can, Start to get your army ready to attack with 2 Colossus
  100  6:05  Nexus  Resume Probe Production
  100  6:15  Gateway x4  
  100  7:00  Action  Attack when +1/Charge is almost complete
Spawning Tool Build Advisor. Get it on Overwolf

Analysis

Note, last 100 supply are not accurate.

Go to:

Details

  • Created by: Axelavex
  • Published on: Nov 25, 2019
  • Modified on: Nov 25, 2019
  • Patch: 4.7.1
Show
View Real Time Build Order
Export as new Build Order

Comments (0)

There are no comments. Be the first!

Create an account to comment!